 Dungeon Crawl Stone Soup version 0.23.2-30-g0e89c35649 (webtiles) character file.

Game seed: 17326122538941485388

2184 teukkam the Covered (level 9, -9/78 HPs)
             Began as a Minotaur Fighter on June 18, 2019.
             Was an Initiate of Gozag.
             Mangled by an ogre
             ... wielding a +0 giant spiked club
              (28 damage)
             ... on level 8 of the Dungeon.
             The game lasted 00:19:16 (6584 turns).

teukkam the Covered (Minotaur Fighter)              Turns: 6584, Time: 00:19:16

Health: -9/78      AC:  5    Str: 24    XL:     9   Next: 11%
Magic:  11/11      EV: 11    Int:  8    God:    Gozag
Gold:   679        SH:  0    Dex:  9    Spells: 10/12 levels left

rFire    . . .     SeeInvis .   a - +2 short sword (speed)
rCold    . . .     Gourm    .   (no shield)
rNeg     . . .     Faith    .   F - +0 leather armour
rPois    .         Spirit   .   (helmet restricted)
rElec    .         Reflect  .   (no cloak)
rCorr    .         Harm     .   (no gloves)
MR       .....                  t - +0 pair of boots
Stlth    ++........             x - amulet of magic regeneration
HPRegen  0.23/turn              u - +2 ring of intelligence
MPRegen  0.37/turn              E - ring of wizardry

@: no status effects
A: retaliatory headbutt, horns 2
a: Potion Petition, Call Merchant, Bribe Branch, Renounce Religion


You were on level 8 of the Dungeon.
You worshipped Gozag.
Gozag was pleased with you.
You were not hungry.

You visited 2 branches of the dungeon, and saw 9 of its levels.

You collected 761 gold pieces.
You paid 82 gold pieces to Gozag.

Inventory:

Hand Weapons
 a - a +2 short sword of speed (weapon)
 B - a +1 war axe
 D - a +0 blowgun
Missiles
 n - 6 javelins (quivered)
 v - 34 sling bullets
 y - 140 stones
 z - 51 bolts
Armour
 b - a +0 scale mail
 c - a +0 shield
 t - a +0 pair of boots (worn)
 F - a +0 leather armour (worn)
Jewellery
 k - an uncursed ring of resist corrosion
 u - a +2 ring of intelligence (left hand)
 x - an amulet of magic regeneration (around neck)
 E - a ring of wizardry (right hand)
Scrolls
 g - 6 scrolls of enchant weapon
 l - 3 scrolls of remove curse
 o - 6 scrolls of identify
 p - a scroll of random uselessness {unknown}
 C - 2 scrolls of teleportation {unknown}
Potions
 d - a potion of might
 e - 2 potions of curing
 h - a potion of lignification {unknown}
 i - 2 potions of heal wounds {unknown}
 j - 2 potions of magic {unknown}
 m - a potion of agility {unknown}
 q - a potion of flight {unknown}
 r - a potion of invisibility
 s - a potion of degeneration {unknown}
 w - 2 potions of berserk rage {unknown}
 A - a potion of cancellation {unknown}
Comestibles
 f - 10 rations


   Skills:
 - Level 6.9 Fighting
 + Level 3.4 Short Blades
 - Level 6.4 Axes
 - Level 4.2 Throwing
 - Level 7.0 Armour
 + Level 2.7 Stealth
 - Level 4.4 Shields
 + Level 2.1 Spellcasting
 + Level 2.0 Hexes


You had 10 spell levels left.
You knew the following spells:

 Your Spells              Type           Power        Failure   Level  Hunger
a - Ensorcelled Hibernat  Hex/Ice        #.....       16%         2    ###....

Your spell library contained the following spells:

 Spells                   Type           Power        Failure   Level  Hunger
 Confusing Touch          Hex            #.....       7%          1    ##.....
 Corona                   Hex            #......      7%          1    ##.....
 Confuse                  Hex            #.......     21%         3    ####...
 Tukima's Dance           Hex            #.......     21%         3    ####...
 Dazzling Spray           Conj/Hex       #.....       30%         3    ####...
 Gell's Gravitas          Tloc           #.........   41%         3    ####...
 Petrify                  Tmut/Erth      #.......     80%         4    #####..
 Metabolic Englaciation   Hex/Ice        #.........   94%         5    ######.
 Yara's Violent Unravell  Hex/Tmut       #.........   94%         5    ######.


Dungeon Overview and Level Annotations

Branches:
Dungeon (8/15)             Temple (1/1) D:6
   Lair: D:8-11

Altars:
Ashenzari
Elyvilon
Fedhas
Gozag
Makhleb
Nemelex Xobeh
Okawaru
Qazlal
Ru
Trog
Uskayaw
Vehumet
Xom
Zin
The Shining One

Annotations:
D:6 2 transporters, bmj180's ghost, novice HOFi


Innate Abilities, Weirdness & Mutations

You reflexively headbutt those who attack you in melee.
You have a pair of horns on your head.


Message History

Press: ? - help, Shift-Dir - straight line, f - ogre
Aim: an ogre, wielding a +0 giant spiked club (chance to defeat MR: 34%)
The ogre easily resists.
The ogre hits you with a +0 giant spiked club!
You puncture the ogre!
The ogre is moderately wounded.
The ogre hits you with a +0 giant spiked club!!
You barely miss the ogre.
You headbutt the ogre, but do no damage.
The ogre is moderately wounded.
You hit the ogre.
The ogre is moderately wounded.
You hit the ogre.
The ogre is heavily wounded.
The ogre hits you with a +0 giant spiked club!!
* * * LOW HITPOINT WARNING * * *
You feel better.
The ogre hits you with a +0 giant spiked club!!
You die...
Your body crumbles into a pile of gold.

#..............
#.##.######...# #
####.###.##.# #.....
. ..#........# ##...#
#.#.#####.#### ##.##
.###.#.## #.# #.##
........# #.# #.##
#..####.###### #+##
#..O@........# ##...#
#...###..#.#.###.....
....>...#
#....#.##......
######..#
#.[..#.#....... ....
............... ##..#
.....###....... ....
.....# #<...... ####
....# #.#.....
..#######.##...#


You could see an ogre.

Vanquished Creatures
  A two-headed ogre (D:8)
  2 black bears (D:7)
  A phantom (D:7)
  An ice beast (D:7)
  A centaur (D:7)
  2 ogres
  3 bullfrogs
  A scorpion (D:3)
  A crimson imp (D:5)
  2 hounds
  A jelly (D:5)
  5 orc wizards
  A centaur skeleton (D:4)
  3 orc priests
  3 worker ants
  A hound zombie (D:8)
  A worker ant zombie (D:5)
  3 gnolls (D:5)
  8 adders
  A shadow imp (D:7)
  2 oozes
  An adder zombie (D:5)
  5 worms
  2 dart slugs (D:1)
  5 leopard geckos
  13 orcs
  8 giant cockroaches
  8 goblins
  11 hobgoblins
  A jackal (D:3)
  6 quokkas
  11 bats
  8 frilled lizards
  10 kobolds
  A leopard gecko skeleton (D:7)
  A quokka skeleton (D:4)
  7 rats
142 creatures vanquished.

Notes
Turn   | Place    | Note
-------+----------+-------------------------------------------
     0 | D:1      | teukkam the Minotaur Fighter began the quest for the Orb.
     0 | D:1      | Reached XP level 1. HP: 19/19 MP: 0/0
    87 | D:1      | Reached XP level 2. HP: 27/27 MP: 1/1
   299 | D:2      | Reached skill level 4 in Armour
   382 | D:2      | Reached XP level 3. HP: 27/33 MP: 2/2
   938 | D:3      | You fall through a shaft!
   979 | D:4      | Reached XP level 4. HP: 29/41 MP: 3/3
  1068 | D:5      | Entered Level 5 of the Dungeon
  1087 | D:5      | Found a glowing golden altar of the Shining One.
  1106 | D:5      | Noticed an ogre
  1437 | D:5      | Reached XP level 5. HP: 47/47 MP: 4/4
  1511 | D:5      | Reached skill level 1 in Throwing
  1603 | D:5      | Reached skill level 5 in Armour
  1737 | D:5      | Reached skill level 5 in Fighting
  1740 | D:5      | Reached XP level 6. HP: 44/56 MP: 5/5
  2189 | D:6      | Found a transporter.
  2189 | D:6      | Noticed a sky beast
  2193 | D:6      | Noticed bmj180's ghost (novice HOFi)
  2204 | D:6      | Found a transporter.
  2372 | D:5      | Reached skill level 5 in Axes
  2372 | D:5      | Reached XP level 7. HP: 38/62 MP: 6/6
  2461 | D:6      | Found a staircase to the Ecumenical Temple.
  2471 | Temple   | Entered the Ecumenical Temple
  2498 | Temple   | Became a worshipper of Gozag Ym Sagoz the Greedy
  3718 | D:3      | Found a sparkling altar of Nemelex Xobeh.
  3764 | D:3      | Reached skill level 6 in Armour
  4242 | D:3      | Found a glowing silver altar of Zin.
  5320 | D:7      | Found a white marble altar of Elyvilon.
  5390 | D:7      | Reached XP level 8. HP: 55/71 MP: 7/7
  5702 | D:7      | Learned a level 2 spell: Ensorcelled Hibernation
  5705 | D:7      | Reached skill level 7 in Armour
  5871 | D:7      | Reached skill level 1 in Short Blades
  5998 | D:7      | Reached skill level 1 in Stealth
  5998 | D:7      | Reached skill level 1 in Spellcasting
  6052 | D:7      | Found a bloodstained altar of Trog.
  6074 | D:7      | Reached skill level 1 in Hexes
  6451 | D:8      | Noticed a two-headed ogre
  6460 | D:8      | Killed a two-headed ogre
  6460 | D:8      | Reached XP level 9. HP: 57/78 MP: 8/11
  6584 | D:8      | Mangled by an ogre

Skill      XL: |  1  2  3  4  5  6  7  8 |
---------------+-------------------------+-----
Armour         | 4 5 6 7 |  7.0
Shields        | 4 |  4.4
Fighting       | 4 5 6 |  6.9
Axes           | 3 4 5 6 |  6.4
Throwing       | 1 2 3 4 |  4.2
Short Blades   | 3 |  3.4
Stealth        | 2 |  2.7
Spellcasting   | 2 |  2.1
Hexes          | 2 |  2.0

Action                   |  1- 3 |  4- 6 |  7- 9 || total
-------------------------+-------+-------+-------++-------
Melee: War axe           |   100 |    76 |   199 ||   375
       Headbutt          |    18 |    17 |    37 ||    72
       Short sword       |       |       |    33 ||    33
Throw: Javelin           |       |    12 |       ||    12
 Cast: Ensorcelled Hiber |       |       |     2 ||     2
  Use: Scroll            |     2 |       |     4 ||     6
       Potion            |       |       |     2 ||     2
 Stab: Distracted        |       |       |     1 ||     1
  Eat: Chunk             |       |     5 |       ||     5
       Ration            |       |       |     4 ||     4
Armor: Scale mail        |    64 |    29 |    90 ||   183
       Leather armour    |       |       |     6 ||     6
Dodge: Dodged            |    25 |    17 |    79 ||   121
Block: Shield            |    69 |    41 |   120 ||   230
